 Dungeon Crawl Stone Soup version 0.24.0-125-gc4c63601f3 (webtiles) character file.

Game seed: 10347818379152292377, levelgen mode: deterministic

74 Frank2 the Cudgeler (level 4, 0/34 HPs)
             Began as a Demonspawn Gladiator on Mar 7, 2020.
             Slain by a goblin
             ... wielding a +2 dagger of holy wrath
             ... led by Robin
              (4 damage)
             ... on level 2 of the Dungeon.
             The game lasted 00:02:31 (1122 turns).

Frank2 the Cudgeler (Demonspawn Gladiator)          Turns: 1122, Time: 00:02:32

Health: 0/34       AC:  8    Str: 13 (15) XL:     4   Next: 10%
Magic:  0/4        EV: 17    Int:  6 (9)  God:
Gold:   76         SH:  0    Dex: 17 (20) Spells: 3/3 levels left

rFire    . . .     SeeInvis .   a - +0 flail
rCold    . . .     Gourm    .   (no shield)
rNeg     . . .     Faith    .   j - +0 ring mail
rPois    .         Spirit   +   (helmet restricted)
rElec    .         Reflect  .   (no cloak)
rCorr    .         Harm     .   l - +2 pair of gloves
MR       .....                  (no boots)
Stlth    ++........             (no amulet)
HPRegen  0.11/turn              (no ring)
MPRegen  0.09/turn              (no ring)

@: agile, lethally poisoned (0 -> -21)
A: fangs 1, horns 1, blurry vision 1, magic shield, MP-powered wands
a: no special abilities


You were on level 2 of the Dungeon.
You were hungry.

You visited 1 branch of the dungeon, and saw 2 of its levels.

You collected 76 gold pieces.

Inventory:

Hand Weapons
 a - a +0 flail (weapon)
Missiles
 d - 3 throwing nets (quivered)
Armour
 c - a +1 helmet
 j - a +0 ring mail (worn)
 l - a +2 pair of gloves (worn)
Scrolls
 b - 2 scrolls of teleportation
 g - 3 scrolls of remove curse
 i - a scroll of fear {unknown}
 n - a scroll of enchant weapon {unknown}
 o - a scroll of identify {unknown}
 p - 2 scrolls of blinking {unknown}
Potions
 h - a potion of mutation
 m - a potion of curing {unknown}
Comestibles
 f - 2 rations


   Skills:
 + Level 2.3 Fighting
 + Level 3.7 Maces & Flails
 - Level 1.7 Throwing
 + Level 0.7 Armour
 + Level 3.2 Dodging


You had 3 spell levels left.
You didn't know any spells.
Your spell library was empty.

Dungeon Overview and Level Annotations

Branches:
Dungeon (2/15)

Altars:

Annotations:
D:2 Robin


Innate Abilities, Weirdness & Mutations

When hurt, damage is shared between your health and your magic reserves.
You have very sharp teeth.
You have a pair of small horns on your head.
Scrolls take you a little longer to read.
You expend magic power (3 MP) to strengthen your wands.


Message History

You feel your magical essence link to the dungeon's wands.
You feel sick.
The goblin shouts!
It was a potion of degeneration.
There was something very wrong with that liquid.
You feel weakened.
You feel dopey.
You feel clumsy.
* * * LOW HITPOINT WARNING * * *
You feel sick.
The goblin hits you but does no damage. x2
You are more poisoned.
Robin throws the goblin at you! The goblin hits you with a +0 club.
* * * LOW HITPOINT WARNING * * *
It was a potion of agility.
You feel agile all of a sudden.
* * * LOW HITPOINT WARNING * * *
You feel sick.
The goblin no longer looks unusually strong.
The goblin hits you with a +2 dagger of holy wrath.
* * * LOW HITPOINT WARNING * * *
You convulse.
You die...

.....................
#.###......#........# #.#
#.........)......
#.#######.##........#
######.##).....##........#
#.....g†#......##........#
#...?...#......###########
###......g#.g....###########
........ggg@................
###...)..g#gg†..###...)..###
.......g..g............†(.(.
.....g....#########......###
........... #......#..
...#........ #......#..
...#.$....... #......#.. ..
#.......... ########.. #..


You could see Robin, 5 hobgoblins and 5 goblins.

Vanquished Creatures
  2 gnolls (D:1)
  An adder (D:2)
  A worm (D:2)
  2 dart slugs
  3 leopard geckos
  3 giant cockroaches
  6 goblins
  A hobgoblin (D:1)
  A quokka (D:2)
  A ball python (D:2)
  5 bats
  5 frilled lizards
  3 kobolds
  4 rats
38 creatures vanquished.

Notes
Turn   | Place    | Note
-------+----------+-------------------------------------------
     0 | D:1      | Frank2 the Demonspawn Gladiator began the quest for the
                  | Orb.
     0 | D:1      | Reached XP level 1. HP: 16/16 MP: 1/1
   189 | D:1      | Gained mutation: When hurt, damage is shared between your
                  | health and your magic reserves. [demonic ancestry]
   189 | D:1      | Reached XP level 2. HP: 22/22 MP: 2/2
   246 | D:1      | Reached XP level 3. HP: 17/27 MP: 1/3
  1109 | D:2      | Noticed Robin
  1113 | D:2      | Reached XP level 4. HP: 31/34 MP: 2/4
  1120 | D:2      | Gained mutation: You have a pair of small horns on your
                  | head. [potion of mutation]
  1120 | D:2      | Gained mutation: You have very sharp teeth. [potion of
                  | mutation]
  1120 | D:2      | Gained mutation: Scrolls take you a little longer to read.
                  | [potion of mutation]
  1120 | D:2      | Gained mutation: You expend magic power (3 MP) to
                  | strengthen your wands. [potion of mutation]
  1122 | D:2      | Slain by a goblin

Levels and vault maps discovered:
D:1:      dpeg_arrival_leaves_temple_mockup, layout_loops_ring,
          minmay_split_cup_small
D:2:      layout_basic, grunt_ministairs_12, uniq_robin

Skill      XL: |  1 |
---------------+----+-----
Maces & Flails | 3 |  3.7
Dodging        | 3 |  3.2
Fighting       | |  2.3
Throwing       | |  1.7
Armour         | |  0.7

Action                   |  1- 3 |  4- 6 || total
-------------------------+-------+-------++-------
Melee: Flail             |    99 |     2 ||   101
Throw: Throwing net      |     1 |       ||     1
  Use: Scroll            |     4 |       ||     4
       Potion            |       |     3 ||     3
 Stab: Held in net/web   |     1 |       ||     1
Armor: Leather armour    |     4 |       ||     4
       Ring mail         |    43 |     5 ||    48
Dodge: Dodged            |    71 |     6 ||    77
